Map: King Sejong Station LE

Players

Miszu - Winner!

  • Race: Terran Terran
  • League: Grandmaster

Zerghamdi

  • Race: Zerg Zerg
  • League: Master

VOD

Have the link to the VOD?

Description

Time

  • Played on: June 4, 2016, 3:22 p.m.
  • Length: 10:44
Show
View Real Time Build Order
Export as new Build Order

Miszu Terran - Winner!

Build Orders: Reaper Expand, MMM Bio 

Get SALT Encoding   

  12  0:00  SCV  
  13  0:13  SCV  
  14  0:17  Supply Depot  
  14  0:26  SCV  
  15  0:39  SCV  
  15  0:41  Barracks  
  16  0:46  Refinery  
  16  0:51  SCV  
  17  1:03  SCV  
  18  1:16  SCV  
  19  1:28  Orbital Command  
  19  1:29  Reaper  
  20  1:44  Command Center  
  20  1:54  SCV  
  21  1:58  Supply Depot  
  21  2:02  Barracks Reactor  
  21  2:06  SCV  
  22  2:18  SCV  
  23  2:24  Factory  
  23  2:35  SCV  
  24  2:38  Marine x2  
  26  2:47  SCV  
  27  3:00  Orbital Command  
  27  3:01  SCV  
  30  3:07  Command Center  
  28  3:13  SCV  
  28  3:15  Barracks Tech Lab  
  28  3:17  Barracks  
  29  3:20  Factory Reactor  
  29  3:22  Barracks  
  29  3:26  SCV  
  30  3:27  Refinery  
  30  3:31  SCV  
  31  3:37  Stimpack  
  31  3:38  SCV  
  32  3:43  Supply Depot, SCV  
  33  3:50  SCV  
  33  3:51  Marine  
  33  3:55  SCV  
  36  4:02  SCV, Factory Reactor  
  36  4:04  Marine x2  
  36  4:07  SCV  
  39  4:12  Starport  
  39  4:14  SCV  
  39  4:19  SCV  
  41  4:25  Marine x2  
  41  4:26  SCV  
  41  4:28  Engineering Bay  
  41  4:30  Engineering Bay  
  43  4:32  Orbital Command  
  43  4:33  SCV  
  44  4:38  SCV  
  44  4:45  SCV  
  46  4:51  SCV, Factory Reactor  
  47  4:55  Terran Infantry Weapons Level 1, Terran Infantry Armor Level 1  
  47  4:57  SCV  
  47  4:58  Refinery  
  47  4:59  Refinery  
  48  5:00  Supply Depot  
  48  5:02  Marine  
  48  5:03  SCV  
  48  5:04  Marine  
  52  5:09  Marine x2, SCV  
  54  5:15  Marine, SCV  
  54  5:20  Marine, Orbital Command  
  57  5:21  SCV  
  57  5:25  Marine  
  57  5:27  Marine  
  57  5:28  Marine, Barracks  
  60  5:30  Medivac x2, Barracks  
  60  5:32  SCV  
  60  5:33  Marine  
  60  5:34  Supply Depot, SCV  
  68  5:37  Supply Depot  
  68  5:41  Marine  
  69  5:43  Marine  
  69  5:44  SCV  
  69  5:46  SCV  
  69  5:47  SCV  
  69  5:48  Armory  
  73  5:55  Marine  
  73  5:57  SCV, Combat Shields  
  75  5:58  SCV  
  75  5:59  Supply Depot, SCV  
  77  6:09  Marine x2, SCV  
  77  6:10  Marine x2  
  77  6:11  SCV  
  83  6:12  SCV  
  83  6:16  Bunker  
  83  6:17  Supply Depot  
  83  6:18  Marine  
  84  6:19  Barracks Reactor  
  84  6:20  Barracks Reactor  
  84  6:21  SCV  
  84  6:23  SCV  
  84  6:24  SCV  
  88  6:27  Marine x2  
  88  6:28  Medivac  
  88  6:30  Supply Depot  
  92  6:33  SCV  
  92  6:36  Marauder  
  92  6:37  SCV  
  96  6:41  Marine x2  
  96  6:45  Marine  
  99  6:50  Barracks x2  
  99  6:51  Barracks  
  96  6:56  Marine  
  96  6:57  Marine x3  
  96  6:58  Marine  
  96  6:59  Terran Infantry Armor Level 2, Marine, Terran Infantry Weapons Level 2  
  103  7:02  Medivac x2  
  103  7:05  SCV  
  103  7:06  Supply Depot  
  103  7:08  Supply Depot  
  107  7:20  Marine x5, Marauder  
  107  7:21  Marine x3  
  115  7:31  Supply Depot  
  115  7:32  Supply Depot  
  115  7:33  Supply Depot  
  115  7:36  Medivac x2  
  116  7:37  Concussive Shells  
  116  7:38  Marine x4, Barracks Tech Lab  
  116  7:39  Barracks Tech Lab x2  
  120  7:45  Marine x2  
  120  7:46  Marine x2  
  120  7:47  Marauder  
  122  8:06  Medivac  
  122  8:07  Marauder  
  122  8:08  Marauder  
  122  8:11  Marine, Medivac, Marauder x2  
  122  8:12  Marine x7  
  141  8:15  Supply Depot  
  135  8:20  Supply Depot  
  135  8:21  Supply Depot  
  135  8:22  Supply Depot  
  135  8:28  Marauder  
  135  8:29  Marine x3  
  135  8:30  Marine, Marauder  
  135  8:32  Marine, Marauder  
  135  8:33  Marine x3, Marauder  
  151  8:38  Medivac  
  153  8:46  Medivac  
  153  8:47  Marine x2  
  147  8:50  Marauder  
  147  8:51  Marauder  
  147  8:52  Supply Depot  
  147  8:53  Marauder  
  147  8:55  Supply Depot, Command Center  
  153  8:58  Marauder  
  153  9:00  SCV  
  156  9:05  Marine x2  
  156  9:06  Marine x4  
  162  9:11  Marauder  
  162  9:12  Marauder  
  162  9:15  Marauder  
  164  9:21  Medivac x2  
  164  9:22  Marauder  
  161  9:33  Marauder  
  161  9:34  Marauder  
  161  9:36  Marauder  
  142  9:44  Marauder  
  130  9:49  Marine x8  
  130  9:50  Medivac  
  130  9:51  Medivac  
  133  9:54  Marauder  
  133  9:55  Marauder  
  133  9:57  Marauder  
  139  10:05  Marine  
  139  10:07  Marine x7  
  137  10:09  Marine  
  145  10:15  Marauder  
  145  10:17  Marauder  
  145  10:19  Marauder  
  153  10:24  Marine  
  153  10:25  Marine x6  
Show
View Real Time Build Order
Export as new Build Order

Zerghamdi Zerg 

Build Orders: Hatch First 

Get SALT Encoding   

  12  0:01  Drone  
  13  0:12  Overlord  
  13  0:17  Drone  
  14  0:30  Drone x2  
  14  0:35  Drone  
  17  0:52  Hatchery  
  17  0:55  Drone  
  17  0:58  Drone  
  17  1:00  Extractor  
  17  1:15  Spawning Pool  
  17  1:18  Drone  
  17  1:21  Drone  
  18  1:31  Drone  
  19  1:41  Drone  
  20  1:51  Overlord  
  20  2:01  Zergling x2  
  20  2:04  Zergling x2, Queen  
  20  2:05  Metabolic Boost  
  24  2:10  Drone  
  24  2:15  Drone  
  26  2:18  Queen  
  26  2:22  Drone  
  29  2:28  Drone  
  30  2:34  Drone  
  31  2:37  Drone  
  31  2:42  Overlord  
  32  2:46  Drone  
  32  2:53  Queen  
  33  3:10  Hatchery  
  32  3:15  Drone x5  
  32  3:17  Drone x2  
  39  3:23  Overlord  
  39  3:29  Queen  
  39  3:33  Zergling x6  
  44  3:36  Overlord x2  
  44  3:46  Drone x2  
  46  3:49  Roach Warren, Drone x2  
  46  3:55  Drone  
  47  4:07  Extractor  
  46  4:12  Drone x6  
  50  4:30  Lair  
  50  4:34  Overlord  
  50  4:37  Queen  
  52  4:39  Drone x7  
  52  4:40  Drone  
  60  4:53  Drone x4  
  60  4:54  Evolution Chamber  
  60  4:56  Evolution Chamber  
  62  5:02  Drone x5  
  67  5:13  Queen  
  69  5:17  Overlord  
  69  5:19  Extractor  
  69  5:21  Extractor  
  67  5:22  Drone x4  
  67  5:23  Drone x3  
  67  5:25  Overlord  
  67  5:27  Zerg Ground Armor Level 1  
  74  5:29  Zerg Melee Weapons Level 1  
  74  5:33  Hatchery  
  74  5:34  Infestation Pit  
  72  5:40  Drone x4  
  72  5:42  Extractor  
  75  5:43  Extractor, Drone x3  
  75  5:45  Overlord  
  77  5:56  Overlord x2  
  77  6:03  Drone x3  
  80  6:04  Roach x4  
  80  6:05  Roach x2  
  80  6:07  Roach  
  80  6:11  Glial Reconstitution, Overlord  
  94  6:18  Roach x4  
  102  6:22  Overlord x2  
  102  6:25  Infestor  
  102  6:26  Infestor  
  102  6:30  Ravager  
  102  6:31  Zergling x10  
  112  6:44  Drone x3  
  115  6:49  Queen  
  114  6:57  Drone x4  
  114  6:58  Drone x3  
  114  7:00  Hive  
  116  7:15  Extractor  
  105  7:21  Drone x6  
  105  7:22  Spore Crawler, Drone  
  110  7:23  Spore Crawler x2  
  110  7:25  Zergling x4  
  110  7:26  Zergling x12, Roach  
  110  7:27  Zergling x2, Roach x3  
  125  7:47  Overlord x2  
  125  7:48  Overlord  
  125  7:49  Ravager  
  125  7:50  Ravager x10  
  136  7:51  Zerg Ground Armor Level 2  
  125  8:18  Drone x2  
  125  8:19  Drone x3  
  129  8:21  Drone x5  
  129  8:26  Overseer  
  134  8:31  Overlord x3  
  134  8:34  Ultralisk Cavern  
  133  8:52  Zergling x2, Ravager x2  
  133  8:53  Zergling x28  
  150  8:57  Extractor  
  150  8:58  Spine Crawler  
  150  8:59  Spine Crawler  
  147  9:04  Zergling x2  
  147  9:05  Zergling x12  
  154  9:11  Zergling x8  
  152  9:22  Ultralisk  
  152  9:23  Ultralisk  
  163  9:26  Zergling x8  
  163  9:27  Zergling x2  
  133  9:43  Zergling x8  
  133  9:44  Zergling x12  
  125  9:47  Zergling x2  
  112  9:53  Overseer  
  112  9:54  Infestor x2  
  112  9:59  Zergling x16  
  111  10:09  Roach x4  
  111  10:10  Roach x2  
  121  10:19  Roach x3  
  112  10:38  Ultralisk Cavern  
Tags
 
Add a new tag
Caveats
  • Supply blocks, unpowered buildings, or Contaminate may cause inaccurate times.
  • Supply counts are checked every 10 seconds.